General information
- name: BNet
- type: Ladder team game (AT/RT)
- host: Battle.net
- saver: DogBallFriends
map: RiceFields
- players: 6
- length: 58:14
- speed: Fast
- version: 1.26 W3XP
- replay type:

» download(454 KB)
Players
team 1 (winner)
DogBallFriends (
green | 116 APM | 6770 actions | 58:14)
5 Archmage
3 Blizzard
2 Brilliance Aura
5 Mountain King
3 Storm Bolt
2 Bash
5 Paladin
3 Holy Light
2 Divine Shield
» actions
| Assign group hotkey | 14 | |
| Basic commands | 20 | |
| Build / train | 163 | |
| Enter build submenu | 83 | |
| Enter hero's abilities submenu | 15 | |
| Give item / drop item | 10 | |
| Remove unit from queue | 1 | |
| Right click | 4680 | |
| Select / deselect | 709 | |
| Select group hotkey | 653 | |
| Use ability | 418 | |
6770 total
» units
| Peasant | 15 | |
| Dragonhawk Rider | 10 | |
| Priest | 2 | |
| Sorceress | 2 | |
29 total
» upgrades
| Masonry | 3 | |
| Lumber Harvesting | 2 | |
| Cloud | 1 | |
| Swords | 2 | |
| Armor | 2 | |
| Animal War Training | 1 | |
| Magic Sentry | 1 | |
| Sorceress Training | 2 | |
| Priest Training | 2 | |
16 total
» buildings
| Altar of Kings | 1 | |
| Farm | 12 | |
| Scout Tower | 80 | |
| Lumber Mill | 2 | |
| Arcane Tower | 10 | |
| Guard Tower | 54 | |
| Keep | 1 | |
| Arcane Vault | 1 | |
| Castle | 5 | |
| Gryphon Aviary | 2 | |
| Blacksmith | 1 | |
| Barracks | 1 | |
| Arcane Sanctum | 1 | |
| Town Hall | 1 | |
172 total
» build order
00:13 Altar of Kings
00:19 Farm
00:59 Scout Tower
01:02 Lumber Mill
01:26 Arcane Tower
01:26 Arcane Tower
01:27 Scout Tower
01:56 Farm
01:58 Farm
02:03 Guard Tower
02:03 Guard Tower
02:04 Guard Tower
02:32 Scout Tower
02:56 Scout Tower
03:12 Guard Tower
03:16 Scout Tower
03:17 Scout Tower
03:32 Guard Tower
03:34 Scout Tower
03:35 Scout Tower
03:54 Guard Tower
03:57 Scout Tower
03:57 Scout Tower
04:00 Scout Tower
04:00 Scout Tower
04:06 Scout Tower
04:07 Scout Tower
04:12 Guard Tower
04:26 Guard Tower
04:41 Arcane Tower
04:47 Arcane Tower
04:51 Guard Tower
05:09 Guard Tower
05:35 Keep
05:37 Scout Tower
05:38 Guard Tower
05:39 Guard Tower
05:39 Guard Tower
06:03 Guard Tower
06:05 Scout Tower
06:07 Scout Tower
06:08 Scout Tower
06:29 Scout Tower
06:31 Scout Tower
06:40 Guard Tower
06:44 Farm
06:45 Farm
06:46 Farm
07:04 Guard Tower
07:08 Guard Tower
07:48 Guard Tower
07:49 Scout Tower
08:10 Arcane Vault
08:11 Castle
08:11 Castle
08:11 Castle
08:28 Guard Tower
08:33 Gryphon Aviary
08:36 Gryphon Aviary
08:41 Guard Tower
08:43 Scout Tower
08:44 Scout Tower
08:45 Scout Tower
09:14 Guard Tower
09:38 Scout Tower
09:39 Scout Tower
09:40 Scout Tower
10:12 Guard Tower
10:20 Scout Tower
10:24 Guard Tower
11:32 Guard Tower
11:33 Farm
11:34 Farm
11:49 Guard Tower
14:15 Blacksmith
14:19 Barracks
14:51 Scout Tower
14:53 Scout Tower
14:54 Scout Tower
14:54 Scout Tower
14:55 Scout Tower
14:57 Scout Tower
15:05 Scout Tower
15:06 Scout Tower
15:06 Scout Tower
16:00 Arcane Tower
16:01 Guard Tower
16:03 Scout Tower
16:04 Scout Tower
16:05 Scout Tower
16:06 Scout Tower
16:07 Scout Tower
16:10 Guard Tower
17:19 Arcane Sanctum
17:21 Arcane Tower
17:22 Guard Tower
18:09 Scout Tower
18:12 Scout Tower
18:13 Scout Tower
18:13 Scout Tower
18:14 Scout Tower
18:14 Scout Tower
18:15 Scout Tower
18:51 Guard Tower
18:52 Guard Tower
18:52 Guard Tower
18:52 Arcane Tower
18:53 Arcane Tower
19:32 Guard Tower
19:33 Scout Tower
20:00 Guard Tower
20:27 Guard Tower
20:57 Guard Tower
23:25 Scout Tower
23:25 Scout Tower
23:26 Scout Tower
23:26 Scout Tower
23:53 Guard Tower
24:02 Farm
24:29 Guard Tower
24:50 Guard Tower
24:50 Guard Tower
25:18 Guard Tower
25:36 Scout Tower
25:37 Scout Tower
25:38 Scout Tower
25:39 Scout Tower
26:40 Guard Tower
27:03 Guard Tower
27:18 Town Hall
27:26 Scout Tower
27:27 Scout Tower
27:27 Scout Tower
27:29 Scout Tower
27:30 Scout Tower
27:30 Scout Tower
27:31 Scout Tower
27:31 Scout Tower
27:37 Scout Tower
27:38 Scout Tower
27:38 Scout Tower
27:39 Scout Tower
27:50 Scout Tower
27:51 Scout Tower
27:52 Scout Tower
27:52 Scout Tower
27:52 Scout Tower
28:08 Guard Tower
28:08 Guard Tower
28:08 Guard Tower
28:19 Farm
28:24 Guard Tower
28:36 Guard Tower
28:53 Farm
28:58 Guard Tower
29:06 Guard Tower
29:08 Scout Tower
29:09 Scout Tower
29:09 Scout Tower
29:11 Scout Tower
29:12 Scout Tower
30:07 Guard Tower
30:45 Guard Tower
31:44 Lumber Mill
46:12 Farm
» items
| Healing Salve | 2 | |
| Staff of Sanctuary | 3 | |
| Lesser Clarity Potion | 3 | |
| Mana Stone | 1 | |
| Ankh of Reincarnation | 1 | |
| Potion of Invulnerability | 1 | |
| Ring of Protection +5 | 1 | |
| Orb of Frost | 1 | |
| Kelen's Dagger of Escape | 1 | |
| Claws of Attack +15 | 1 | |
| Gloves of Haste | 1 | |
16 total
ilackdogballs (
teal | 135 APM | 7880 actions | 58:13)
5 Mountain King
3 Storm Bolt
2 Bash
5 Paladin
3 Holy Light
2 Divine Shield
4 Blood Mage
2 Banish
2 Siphon Mana
» actions
| Assign group hotkey | 355 | |
| Basic commands | 22 | |
| Build / train | 122 | |
| Enter build submenu | 85 | |
| Enter hero's abilities submenu | 14 | |
| Give item / drop item | 9 | |
| Right click | 4346 | |
| Select / deselect | 524 | |
| Select group hotkey | 1962 | |
| Use ability | 441 | |
7880 total
» units
» upgrades
| Masonry | 3 | |
| Lumber Harvesting | 2 | |
| Magic Sentry | 1 | |
6 total
» buildings
| Altar of Kings | 1 | |
| Farm | 3 | |
| Lumber Mill | 1 | |
| Scout Tower | 117 | |
| Arcane Tower | 3 | |
| Guard Tower | 44 | |
| Arcane Vault | 3 | |
| Keep | 1 | |
| Town Hall | 2 | |
| Castle | 1 | |
| Arcane Sanctum | 1 | |
177 total
» build order
00:04 Altar of Kings
00:20 Farm
00:35 Lumber Mill
00:57 Farm
01:11 Scout Tower
01:21 Scout Tower
01:41 Arcane Tower
02:05 Scout Tower
02:08 Guard Tower
02:12 Scout Tower
02:39 Guard Tower
02:40 Scout Tower
02:41 Guard Tower
02:43 Scout Tower
03:11 Guard Tower
03:13 Arcane Vault
03:16 Scout Tower
03:54 Keep
03:55 Guard Tower
03:56 Guard Tower
03:56 Guard Tower
03:57 Scout Tower
03:58 Scout Tower
04:34 Scout Tower
04:35 Guard Tower
04:38 Farm
04:55 Guard Tower
04:56 Scout Tower
04:57 Scout Tower
05:43 Guard Tower
05:45 Scout Tower
05:46 Scout Tower
05:51 Guard Tower
05:53 Scout Tower
05:54 Scout Tower
06:28 Guard Tower
06:55 Guard Tower
07:47 Town Hall
07:52 Scout Tower
07:53 Scout Tower
07:54 Scout Tower
07:54 Scout Tower
07:55 Scout Tower
07:55 Scout Tower
07:56 Scout Tower
07:57 Scout Tower
09:16 Castle
09:19 Arcane Tower
09:29 Guard Tower
09:30 Guard Tower
09:39 Guard Tower
09:40 Guard Tower
10:17 Arcane Sanctum
10:20 Guard Tower
11:15 Guard Tower
11:16 Scout Tower
11:17 Scout Tower
11:18 Scout Tower
11:18 Scout Tower
11:19 Scout Tower
11:20 Scout Tower
11:23 Scout Tower
11:23 Scout Tower
11:25 Scout Tower
11:25 Scout Tower
11:26 Scout Tower
11:58 Guard Tower
12:01 Scout Tower
12:02 Scout Tower
12:02 Scout Tower
12:30 Scout Tower
12:30 Scout Tower
12:31 Scout Tower
12:31 Scout Tower
12:32 Scout Tower
13:07 Guard Tower
13:09 Scout Tower
13:10 Scout Tower
13:10 Scout Tower
13:11 Scout Tower
13:38 Arcane Vault
13:40 Scout Tower
13:41 Scout Tower
13:41 Scout Tower
13:42 Scout Tower
14:45 Guard Tower
15:00 Guard Tower
15:02 Scout Tower
15:03 Scout Tower
15:46 Scout Tower
15:47 Scout Tower
15:48 Scout Tower
15:48 Scout Tower
15:49 Scout Tower
15:49 Scout Tower
15:51 Scout Tower
15:52 Scout Tower
15:53 Scout Tower
15:53 Scout Tower
15:54 Scout Tower
15:54 Scout Tower
16:06 Scout Tower
16:07 Scout Tower
16:24 Scout Tower
16:24 Scout Tower
16:26 Scout Tower
16:27 Scout Tower
16:47 Guard Tower
17:04 Guard Tower
17:05 Scout Tower
17:06 Scout Tower
17:33 Guard Tower
17:34 Scout Tower
18:11 Guard Tower
18:19 Scout Tower
18:20 Scout Tower
19:29 Scout Tower
19:31 Scout Tower
19:32 Scout Tower
19:32 Scout Tower
19:33 Scout Tower
19:34 Scout Tower
19:35 Scout Tower
20:03 Scout Tower
20:05 Scout Tower
20:06 Scout Tower
20:06 Scout Tower
20:40 Scout Tower
20:40 Scout Tower
20:42 Scout Tower
20:42 Scout Tower
20:43 Scout Tower
20:43 Scout Tower
20:44 Scout Tower
20:44 Scout Tower
20:46 Guard Tower
20:46 Guard Tower
21:17 Guard Tower
21:21 Scout Tower
21:22 Scout Tower
22:09 Guard Tower
22:11 Scout Tower
22:11 Scout Tower
22:12 Scout Tower
22:12 Scout Tower
22:13 Scout Tower
22:14 Scout Tower
22:17 Arcane Vault
22:18 Guard Tower
22:48 Guard Tower
22:51 Scout Tower
22:51 Scout Tower
22:57 Guard Tower
23:42 Guard Tower
24:43 Guard Tower
27:32 Guard Tower
27:35 Guard Tower
27:42 Scout Tower
27:52 Scout Tower
27:53 Scout Tower
27:57 Scout Tower
27:57 Scout Tower
27:58 Scout Tower
28:56 Guard Tower
29:24 Guard Tower
29:26 Scout Tower
29:27 Scout Tower
29:28 Scout Tower
29:34 Scout Tower
29:34 Scout Tower
29:59 Guard Tower
33:00 Guard Tower
33:02 Guard Tower
47:45 Town Hall
» items
| Scroll of Regeneration | 3 | |
| Staff of Sanctuary | 3 | |
| Scroll of Town Portal | 5 | |
| Lesser Clarity Potion | 3 | |
| Gauntlets of Ogre Strength +3 | 1 | |
| Orb of Lightning | 1 | |
| Claws of Attack +6 | 2 | |
| Slippers of Agility +3 | 1 | |
| Circlet of Nobility | 2 | |
| Orb of Frost | 2 | |
| Gloves of Haste | 1 | |
| Ring of Protection +5 | 1 | |
| Kelen's Dagger of Escape | 1 | |
26 total
lickshndogsball (
blue | 85 APM | 4937 actions | 58:13)
9 Blademaster
3 Wind Walk
3 Critical Strike
1 Bladestorm
2 Mirror Image
» actions
| Assign group hotkey | 17 | |
| Basic commands | 26 | |
| Build / train | 77 | |
| ESC pressed | 5 | |
| Enter build submenu | 75 | |
| Enter hero's abilities submenu | 9 | |
| Give item / drop item | 8 | |
| Right click | 3331 | |
| Select / deselect | 355 | |
| Select group hotkey | 772 | |
| Use ability | 262 | |
4937 total
» units
» upgrades
| Spiked Barricades | 1 | |
| Ranged Weapons | 3 | |
| Liquid Fire | 1 | |
| Armor | 3 | |
8 total
» buildings
| Altar of Storms | 2 | |
| War Mill | 2 | |
| Orc Burrow | 5 | |
| Watch Tower | 58 | |
| Voodoo Lounge | 4 | |
| Stronghold | 1 | |
| Beastiary | 2 | |
| Fortress | 1 | |
| Great Hall | 1 | |
76 total
» build order
00:08 Altar of Storms
00:13 War Mill
00:32 Orc Burrow
01:39 Watch Tower
02:04 Watch Tower
02:18 Watch Tower
02:32 Voodoo Lounge
03:10 Orc Burrow
04:03 Stronghold
04:33 Watch Tower
04:34 Watch Tower
04:36 Watch Tower
04:40 Watch Tower
04:40 Watch Tower
05:44 Watch Tower
05:49 Watch Tower
05:55 Watch Tower
06:11 Watch Tower
06:54 Beastiary
07:14 Watch Tower
07:59 Fortress
08:22 Beastiary
08:34 Orc Burrow
08:36 Orc Burrow
08:38 Watch Tower
10:21 Watch Tower
10:24 Watch Tower
10:24 Watch Tower
11:45 Watch Tower
11:51 Voodoo Lounge
15:50 Watch Tower
15:51 Watch Tower
15:51 Watch Tower
15:52 Watch Tower
17:59 Great Hall
19:34 Watch Tower
19:35 Watch Tower
19:36 Watch Tower
19:37 Watch Tower
21:36 Watch Tower
21:37 Watch Tower
21:37 Watch Tower
21:38 Watch Tower
21:39 Watch Tower
21:39 Watch Tower
21:40 Watch Tower
21:40 Watch Tower
21:41 Watch Tower
25:19 Watch Tower
26:24 Watch Tower
26:24 Watch Tower
29:06 Watch Tower
29:07 Watch Tower
36:10 Altar of Storms
36:11 Orc Burrow
36:58 War Mill
39:55 Watch Tower
39:56 Watch Tower
39:57 Watch Tower
40:09 Watch Tower
40:10 Watch Tower
40:14 Watch Tower
40:16 Watch Tower
40:17 Watch Tower
41:30 Watch Tower
41:31 Watch Tower
41:33 Watch Tower
41:34 Watch Tower
42:07 Watch Tower
42:10 Watch Tower
42:11 Watch Tower
42:20 Watch Tower
42:48 Watch Tower
42:48 Watch Tower
44:50 Voodoo Lounge
44:58 Voodoo Lounge
» items
| Healing Salve | 3 | |
| Lesser Clarity Potion | 6 | |
| Slippers of Agility +3 | 1 | |
| Orb of Lightning | 1 | |
| Claws of Attack +15 | 7 | |
| Potion of Mana | 1 | |
| Potion of Greater Healing | 1 | |
20 total
team 2 (loser)

»
infamousgiraffe (
yellow | 79 APM | 4582 actions | 58:03)
6 Death Knight
3 Death Coil
2 Unholy Aura
1 Animate Dead
6 Lich
3 Frost Nova
2 Dark Ritual
1 Death and Decay
» actions
| Assign group hotkey | 53 | |
| Basic commands | 379 | |
| Build / train | 88 | |
| ESC pressed | 2 | |
| Enter build submenu | 35 | |
| Enter hero's abilities submenu | 12 | |
| Give item / drop item | 3 | |
| Right click | 1502 | |
| Select / deselect | 966 | |
| Select group hotkey | 1334 | |
| Use ability | 208 | |
4582 total
» units
| Acolyte | 7 | |
| Ghoul | 5 | |
| Crypt Fiend | 18 | |
| Obsidian Statue | 5 | |
| Meatwagon | 4 | |
| Necromancer | 8 | |
47 total
» upgrades
| Necromancer Training | 2 | |
| Skeletal Longevity | 1 | |
| Exhume Corpses | 1 | |
| Unholy Strength | 1 | |
| Web | 1 | |
| Skeletal Mastery | 1 | |
| Destroyer Form | 1 | |
| Disease Cloud | 1 | |
9 total
» buildings
| Graveyard | 1 | |
| Crypt | 2 | |
| Ziggurat | 16 | |
| Altar of Darkness | 2 | |
| Tomb of Relics | 3 | |
| Nerubian Tower | 1 | |
| Halls of the Dead | 1 | |
| Temple of the Damned | 1 | |
| Slaughterhouse | 3 | |
| Black Citadel | 1 | |
| Necropolis | 2 | |
| Sacrificial Pit | 1 | |
| Spirit Tower | 4 | |
38 total
» build order
00:12 Graveyard
00:18 Crypt
00:40 Ziggurat
00:57 Altar of Darkness
02:03 Ziggurat
02:08 Tomb of Relics
02:14 Nerubian Tower
04:33 Halls of the Dead
05:34 Ziggurat
05:51 Ziggurat
07:23 Temple of the Damned
07:25 Slaughterhouse
07:26 Slaughterhouse
08:13 Slaughterhouse
10:38 Ziggurat
10:39 Ziggurat
10:41 Ziggurat
10:42 Ziggurat
11:15 Black Citadel
16:14 Necropolis
27:17 Necropolis
27:22 Sacrificial Pit
29:27 Ziggurat
29:28 Ziggurat
31:10 Spirit Tower
31:13 Ziggurat
31:14 Ziggurat
32:21 Spirit Tower
36:16 Altar of Darkness
36:18 Ziggurat
36:46 Tomb of Relics
36:47 Tomb of Relics
42:50 Crypt
48:11 Ziggurat
48:12 Ziggurat
49:08 Spirit Tower
51:23 Ziggurat
53:09 Spirit Tower
» items
| Rod of Necromancy | 1 | |
| Dust of Appearance | 1 | |
| Potion of Healing | 3 | |
| Orb of Corruption | 1 | |
| Scroll of Town Portal | 2 | |
8 total
mcnastyzzz (
purple | 45 APM | 2580 actions | 57:52)
5 Blademaster
1 Wind Walk
3 Critical Strike
1 Mirror Image
» actions
| Assign group hotkey | 34 | |
| Basic commands | 225 | |
| Build / train | 114 | |
| Enter build submenu | 49 | |
| Enter hero's abilities submenu | 5 | |
| Give item / drop item | 5 | |
| Remove unit from queue | 15 | |
| Right click | 1081 | |
| Select / deselect | 499 | |
| Select group hotkey | 305 | |
| Use ability | 247 | |
2580 total
» units
| Peon | 15 | |
| Wind Rider | 10 | |
| Troll Batrider | 8 | |
| Demolisher | 4 | |
| Tauren | 2 | |
| Troll Witch Doctor | 7 | |
| Raider | 17 | |
63 total
» upgrades
| Spiked Barricades | 3 | |
| Ranged Weapons | 1 | |
| Envenomed Spears | 1 | |
| Liquid Fire | 2 | |
| Reinforced Defenses | 1 | |
| Witch Doctor Training | 2 | |
| Spirit Walker Training | 2 | |
| Pulverize | 1 | |
| Armor | 1 | |
| Ensnare | 1 | |
| Pillage | 1 | |
16 total
» buildings
| Altar of Storms | 1 | |
| Orc Burrow | 6 | |
| Voodoo Lounge | 1 | |
| Barracks | 1 | |
| War Mill | 1 | |
| Stronghold | 1 | |
| Watch Tower | 22 | |
| Fortress | 1 | |
| Beastiary | 2 | |
| Great Hall | 1 | |
| Tauren Totem | 3 | |
| Spirit Lodge | 2 | |
42 total
» build order
00:14 Altar of Storms
00:24 Orc Burrow
00:43 Voodoo Lounge
01:40 Barracks
02:03 War Mill
02:42 Orc Burrow
03:56 Stronghold
03:59 Watch Tower
04:02 Watch Tower
05:46 Orc Burrow
06:02 Orc Burrow
06:24 Fortress
06:26 Beastiary
06:30 Beastiary
06:52 Watch Tower
07:47 Orc Burrow
08:48 Orc Burrow
20:02 Great Hall
23:29 Tauren Totem
23:59 Watch Tower
24:02 Watch Tower
25:13 Watch Tower
25:20 Watch Tower
26:59 Watch Tower
27:02 Watch Tower
27:08 Watch Tower
28:10 Spirit Lodge
28:29 Watch Tower
28:31 Watch Tower
28:39 Watch Tower
31:15 Watch Tower
31:18 Watch Tower
32:10 Watch Tower
32:14 Watch Tower
32:18 Watch Tower
32:21 Watch Tower
35:58 Tauren Totem
36:01 Tauren Totem
36:08 Spirit Lodge
36:32 Watch Tower
52:14 Watch Tower
52:17 Watch Tower
» items
| Healing Salve | 2 | |
| Lesser Clarity Potion | 2 | |
| Scroll of Speed | 2 | |
| Scroll of Town Portal | 2 | |
| Orb of Lightning | 1 | |
| Potion of Healing | 3 | |
12 total

»
pinkanalbeads (
pink | 68 APM | 3946 actions | 58:12)
5 Demon Hunter
3 Mana Burn
2 Evasion
2 Priestess of the Moon
1 Searing Arrows
1 Trueshot Aura
» actions
| Assign group hotkey | 30 | |
| Basic commands | 405 | |
| Build / train | 95 | |
| Enter build submenu | 44 | |
| Enter hero's abilities submenu | 8 | |
| Give item / drop item | 6 | |
| Remove unit from queue | 1 | |
| Right click | 1822 | |
| Select / deselect | 925 | |
| Select group hotkey | 452 | |
| Use ability | 158 | |
3946 total
» units
| Wisp | 29 | |
| Archer | 6 | |
| Huntress | 6 | |
| Glaive Thrower | 4 | |
| Chimaera | 8 | |
| Druid of the Talon | 4 | |
| Faerie Dragon | 5 | |
62 total
» upgrades
| Strength of the Moon | 2 | |
| Moon Armor | 2 | |
| Sentinel | 1 | |
| Druid of the Talon Training | 2 | |
| Upgrade Moon Glaive | 1 | |
| Corrosive Breath | 1 | |
| Mark of the Talon | 1 | |
| Strength of the Wild | 3 | |
| Reinforced Hides | 1 | |
14 total
» buildings
| Altar of Elders | 2 | |
| Moon Well | 16 | |
| Ancient of War | 2 | |
| Hunter's Hall | 2 | |
| Tree of Ages | 2 | |
| Tree of Life | 4 | |
| Tree of Eternity | 2 | |
| Ancient of Wind | 2 | |
| Ancient Protector | 6 | |
| Chimaera Roost | 4 | |
| Ancient of Wonders | 1 | |
43 total
» build order
00:06 Altar of Elders
00:08 Moon Well
00:29 Ancient of War
01:48 Moon Well
02:26 Hunter's Hall
02:38 Moon Well
03:52 Ancient of War
05:00 Moon Well
06:34 Tree of Ages
09:38 Tree of Life
11:12 Tree of Eternity
12:22 Moon Well
12:36 Ancient of Wind
13:30 Moon Well
14:46 Ancient Protector
16:06 Chimaera Roost
16:10 Chimaera Roost
18:11 Tree of Life
18:15 Tree of Life
20:44 Moon Well
20:48 Moon Well
21:34 Tree of Ages
21:39 Moon Well
22:39 Moon Well
23:45 Ancient Protector
23:48 Ancient Protector
23:53 Ancient Protector
23:59 Moon Well
24:06 Altar of Elders
24:38 Ancient of Wind
24:57 Moon Well
25:22 Tree of Eternity
25:25 Ancient Protector
25:30 Ancient Protector
27:49 Chimaera Roost
28:01 Moon Well
28:18 Chimaera Roost
28:30 Moon Well
32:28 Moon Well
33:30 Moon Well
36:07 Tree of Life
36:15 Hunter's Hall
45:02 Ancient of Wonders
» items
| Ring of Protection +5 | 1 | |
| Wand of the Wind | 1 | |
| Orb of Lightning | 1 | |
| Scroll of Town Portal | 2 | |
5 total
Chat log
(01:27 / All) lickshndogsball: yo mcnasty
(01:29 / All) lickshndogsball: u ud.
(01:33 / All) mcnastyzzz: HUH
(01:40 / All) pinkanalbeads: huhan
(01:45 / All) lickshndogsball: tx
(01:46 / All) DogBallFriends: hunan
(01:53 / All) mcnastyzzz: HUNAN CHICKEN
(02:01 / All) lickshndogsball: me szechuan hehe lol
(04:28 / All) pinkanalbeads: HA
(17:02 / All) DogBallFriends: if you keep clicking
(17:04 / All) DogBallFriends: they can repair thru fire
(20:03 / All) DogBallFriends: lol
(31:38 / All) DogBallFriends: how you all feel
(31:42 / All) infamousgiraffe: GOOD
(31:43 / All) mcnastyzzz: NEAT
(31:45 / All) infamousgiraffe: HOW BOUT U?
(31:47 / All) DogBallFriends: real nice
(31:49 / All) DogBallFriends: all set up
(31:53 / All) DogBallFriends: for a good game
(37:10 / All) DogBallFriends: lol
(38:45 / All) DogBallFriends: man
(38:47 / All) DogBallFriends: this is ownage
(39:02 / All) DogBallFriends: no units
(39:05 / All) DogBallFriends: only ownage
(41:11 / All) DogBallFriends: leave
(44:29 / All) DogBallFriends: sweet tp
(51:44 / All) DogBallFriends: this song and dance again
(51:54 / All) infamousgiraffe: u guys wanted it this way
(52:02 / All) DogBallFriends: and i'm glad it is
(55:55 / All) ilackdogballs: well this was pretty easy
(55:57 / All) ilackdogballs: I have to say
(56:02 / All) infamousgiraffe: yea you guys are awesome
(56:07 / All) ilackdogballs: i think I made
(56:09 / All) DogBallFriends: clan towa #1
(56:09 / All) ilackdogballs: 0 units
(56:11 / All) ilackdogballs: yes 0
(56:12 / All) pinkanalbeads: lets play a game of no towers
(56:21 / All) DogBallFriends: nah
(56:23 / All) lickshndogsball: i'll hjost it
(56:25 / All) infamousgiraffe: you lost about 35 heros
(56:26 / All) lickshndogsball: game name grudge
(56:27 / All) lickshndogsball: go
(56:27 / All) ilackdogballs: still won rela easy
(57:45 / All) ilackdogballs: well
(57:47 / All) DogBallFriends: lol
(57:47 / All) ilackdogballs: not very welll played
(57:49 / All) DogBallFriends: no units
(58:00 / All) infamousgiraffe: gg you guys are awesome
(58:03 / All) ilackdogballs: thx
(58:04 / All) DogBallFriends: re?????
(58:06 / All) ilackdogballs: 0 units easy win